Map: Galactic Process LE

Players

Anansi - Winner!

  • Race: Zerg Zerg
  • League: Master

KombatWombat

  • Race: Zerg Zerg
  • League: Diamond

VOD

Have the link to the VOD?

Description

Time

  • Played on: Oct. 13, 2016, 8:19 p.m.
  • Length: 4:29
Show
View Real Time Build Order
Export as new Build Order

Anansi Zerg - Winner!

Build Orders: Hatch First 

Get SALT Encoding   

  12  0:01  Drone  
  13  0:12  Overlord  
  13  0:17  Drone  
  14  0:31  Drone x2  
  14  0:34  Drone  
  17  0:52  Hatchery  
  17  0:56  Drone  
  17  1:00  Drone  
  18  1:10  Extractor  
  17  1:14  Spawning Pool  
  17  1:17  Drone  
  17  1:20  Drone  
  18  1:28  Drone  
  19  1:40  Overlord  
  19  1:52  Drone  
  20  2:01  Queen  
  20  2:02  Zergling x2  
  20  2:04  Queen, Zergling x2  
  26  2:09  Metabolic Boost  
  26  2:11  Drone  
  28  2:15  Drone  
  28  2:21  Drone  
  29  2:26  Roach Warren  
  28  2:31  Drone  
  28  2:33  Drone  
  30  2:40  Drone  
  31  2:44  Overlord  
  31  2:47  Overlord  
  31  2:57  Drone  
  32  3:09  Roach  
  32  3:10  Roach x4  
  32  3:12  Roach  
  44  3:15  Overlord  
  44  3:20  Zergling x2  
  44  3:21  Zergling x2  
  44  3:25  Zergling x2  
  47  3:31  Overlord  
  47  3:33  Zergling x2  
  48  3:45  Zergling x2  
  48  3:46  Zergling x8  
  52  3:51  Ravager  
  53  4:02  Ravager  
  54  4:03  Zergling x8  
Show
View Real Time Build Order
Export as new Build Order

KombatWombat Zerg 

Build Orders: Hatch First 

Get SALT Encoding   

  12  0:01  Drone  
  13  0:12  Overlord  
  13  0:18  Drone  
  13  0:20  Extractor  
  13  0:24  Drone  
  15  0:31  Drone  
  15  0:35  Drone  
  17  0:54  Hatchery  
  17  0:57  Drone  
  17  0:59  Drone  
  18  1:06  Extractor  
  17  1:12  Drone  
  18  1:20  Spawning Pool  
  18  1:21  Drone  
  18  1:28  Drone  
  19  1:40  Overlord  
  19  2:02  Drone x2  
  19  2:07  Queen  
  23  2:09  Queen  
  23  2:11  Metabolic Boost  
  25  2:20  Drone x3  
  28  2:24  Overlord  
  28  2:29  Drone  
  29  2:47  Queen  
  31  2:58  Baneling Nest  
  31  3:00  Drone x2  
  31  3:02  Zergling x6  
  31  3:03  Zergling x2  
  36  3:14  Hatchery  
  35  3:34  Evolution Chamber  
  35  3:35  Evolution Chamber  
  35  3:37  Drone x4  
  35  3:38  Drone x2  
  39  3:51  Drone x4  
  43  3:58  Spine Crawler  
  42  4:04  Baneling x3  
  42  4:10  Drone x2  
Tags
 
Add a new tag
Caveats
  • Supply blocks, unpowered buildings, or Contaminate may cause inaccurate times.
  • Supply counts are checked every 10 seconds.